 Dungeon Crawl Stone Soup version 0.24.0-2-g5b39cebb1c (webtiles) character file.

Game seed: 18137536588181914151, levelgen mode: deterministic

694 Mrkan the Chopper (level 7, -5/61 HPs)
             Began as a Minotaur Fighter on Oct 30, 2019.
             Was an Initiate of Makhleb.
             Slain by a phantom (7 damage)
             ... on level 6 of the Dungeon.
             The game lasted 00:07:09 (5062 turns).

Mrkan the Chopper (Minotaur Fighter)                Turns: 5062, Time: 00:07:11

Health: -5/61      AC: 13    Str: 17 (20) XL:     7   Next: 37%
Magic:  6/6        EV:  5    Int:  3 (5)  God:    Makhleb [......]
Gold:   228        SH: 10    Dex: 11 (12) Spells: 6/6 levels left

rFire    . . .     SeeInvis .   a - +1 war axe
rCold    . . .     Gourm    .   c - +1 shield
rNeg     . . .     Faith    .   F - +0 chain mail
rPois    .         Spirit   .   (helmet restricted)
rElec    .         Reflect  .   t - +2 cloak
rCorr    .         Harm     .   (no gloves)
MR       .....                  (no boots)
Stlth    ..........             (no amulet)
HPRegen  0.20/turn              (no ring)
MPRegen  0.10/turn              (no ring)

@: no status effects
A: retaliatory headbutt, horns 2
a: Renounce Religion


You were on level 6 of the Dungeon.
You worshipped Makhleb.
Makhleb was noncommittal.
You were hungry.

You visited 2 branches of the dungeon, and saw 7 of its levels.

You collected 228 gold pieces.

Inventory:

Hand Weapons
 a - a +1 war axe (weapon)
Armour
 c - a +1 shield (worn)
 t - a +2 cloak (worn)
 F - a +0 chain mail (worn)
Jewellery
 m - an uncursed amulet of regeneration
 r - a +3 amulet of reflection {unknown}
 s - an uncursed ring of protection from cold {unknown}
 w - a +2 amulet of reflection {unknown}
 x - the ring "Ystreh" {+Blink rElec rN++ Dex+5 Slay-2}
   (You found it on level 4 of the Dungeon)

   [ring of dexterity]

   It affects your dexterity (+5).
   It affects your accuracy and damage with ranged weapons and melee attacks
   (-2).
   It insulates you from electricity.
   It greatly protects you from negative energy.
   It lets you blink.
 D - an uncursed ring of flight {unknown}
Wands
 q - a wand of random effects (24)
Scrolls
 g - a scroll of fog {unknown}
 i - 6 scrolls of identify
 j - a scroll of fear {unknown}
 k - 4 scrolls of remove curse
 l - 5 scrolls of teleportation
 n - a scroll of random uselessness {unknown}
 o - 2 scrolls of enchant weapon
 v - 2 scrolls of enchant armour
 y - a scroll of amnesia {unknown}
 E - a scroll of noise
Potions
 b - a potion of magic {unknown}
 d - a potion of might
 e - a potion of cancellation {unknown}
 h - a potion of degeneration
 p - 2 potions of flight {unknown}
 u - 2 potions of curing {unknown}
 A - a potion of experience {unknown}
 B - 2 potions of agility {unknown}
 C - 2 potions of haste {unknown}
Comestibles
 f - 7 rations


   Skills:
 + Level 5.6 Fighting
 * Level 6.6 Axes
 + Level 5.6 Armour
 + Level 5.6 Shields


You had 6 spell levels left.
You didn't know any spells.
Your spell library was empty.

Dungeon Overview and Level Annotations

Branches:
Dungeon (6/15)             Temple (1/1) D:5

Altars:
Ashenzari
Cheibriados
Elyvilon
Fedhas
Kikubaaqudgha
Makhleb
Nemelex Xobeh
Okawaru
Qazlal
Ru
Sif Muna
Trog
Uskayaw
Vehumet
Wu Jian
Xom
Zin
The Shining One

Shops:
D:4 (


Innate Abilities, Weirdness & Mutations

You reflexively headbutt those who attack you in melee.
You have a pair of horns on your head.


Message History

You slash the phantom!
The phantom is almost destroyed.
You hit the hornet zombie.
The phantom hits you but does no damage.
The hornet zombie hits you but does no damage.
Your chain mail prevents you from hitting the phantom.
The phantom is almost destroyed.
Your shield and chain mail prevent you from hitting the hornet zombie.
The hornet zombie hits you but does no damage.
The phantom hits you but does no damage.
You block the hornet zombie's attack.
The phantom hits you but does no damage.
Okay, then.
It was a potion of degeneration.
There was something very wrong with that liquid.
You feel weakened.
You feel dopey.
You feel clumsy. The hornet zombie hits you.
* * * LOW HITPOINT WARNING * * *
The phantom hits you!
You die...

#...........#
....$.......#
............#
#.......#
#.......#
###'##### #l#
#Z# #@# #W#
#.# ... ...
..... .....
.......


You could see a phantom, a hornet zombie and a leopard gecko.

Vanquished Creatures
  An ogre (D:6)
  A scorpion (D:3)
  A hound (D:4)
  2 orc priests (D:5)
  Crazy Yiuf (D:2)
  An orc wizard (D:5)
  Natasha (thrice) (D:2)
  Terence (D:2)
  5 worker ants
  A gnoll (D:1)
  6 adders
  2 oozes
  3 worms
  4 dart slugs
  3 leopard geckos
  7 orcs
  A ball python (D:2)
  4 giant cockroaches
  8 goblins
  12 hobgoblins
  6 jackals
  A ball python skeleton (D:4)
  11 bats
  5 frilled lizards
  12 kobolds
  A quokka zombie (D:5)
  15 rats
118 creatures vanquished.

Notes
Turn   | Place    | Note
-------+----------+-------------------------------------------
     0 | D:1      | Mrkan the Minotaur Fighter began the quest for the Orb.
     0 | D:1      | Reached XP level 1. HP: 19/19 MP: 0/0
    39 | D:1      | Reached skill level 3 in Axes
    39 | D:1      | Reached XP level 2. HP: 16/27 MP: 1/1
   330 | D:1      | Reached XP level 3. HP: 33/33 MP: 2/2
   987 | D:2      | Reached XP level 4. HP: 31/40 MP: 3/3
   999 | D:2      | Noticed Terence
  1357 | D:2      | Killed Terence
  1357 | D:2      | Reached skill level 4 in Axes
  1854 | D:2      | Found a white marble altar of Elyvilon.
  1994 | D:2      | Noticed Natasha
  2002 | D:2      | Killed Natasha
  2002 | D:2      | Reached XP level 5. HP: 37/47 MP: 4/4
  2241 | D:2      | Noticed Natasha
  2245 | D:2      | Killed Natasha
  2256 | D:2      | Found a runed translucent door.
  2257 | D:2      | Noticed Crazy Yiuf
  2415 | D:2      | Noticed Natasha
  2421 | D:2      | Killed Natasha
  2516 | D:2      | Killed Crazy Yiuf
  2516 | D:2      | Reached skill level 5 in Axes
  2810 | D:3      | Reached XP level 6. HP: 55/55 MP: 5/5
  2934 | D:3      | Found a snail-covered altar of Cheibriados.
  3025 | D:3      | Reached skill level 5 in Shields
  3216 | D:3      | Reached skill level 5 in Armour
  3418 | D:3      | Reached skill level 5 in Fighting
  3691 | D:4      | Got a clouded golden ring
  4001 | D:4      | Found Tuoteih's Antique Weapon Shop.
  4265 | D:5      | Entered Level 5 of the Dungeon
  4293 | D:5      | Identified the ring "Ystreh" {+Blink rElec rN++ Dex+5
                  | Slay-2} (You found it on level 4 of the Dungeon)
  4334 | D:5      | Found a staircase to the Ecumenical Temple.
  4340 | D:5      | Reached skill level 6 in Axes
  4368 | Temple   | Entered the Ecumenical Temple
  4641 | Temple   | Became a worshipper of Makhleb the Destroyer
  4736 | D:5      | Reached XP level 7. HP: 59/61 MP: 6/6
  4816 | D:5      | Found a blossoming altar of Fedhas.
  4816 | D:5      | Found a radiant altar of Vehumet.
  5062 | D:6      | HP: 2/61 [hornet zombie (3)]
  5062 | D:6      | Slain by a phantom

Levels and vault maps discovered:
D:1:      nicolae_arrival_somewhat_less_tricky_arrival, layout_loops_ring,
          chequers_arboretum, minmay_nonomino_d4
D:2:      layout_basic, overflow_temple_1_default,
          nicolae_overflow_hidden_temple, minmay_small_reverse_x, uniq_natasha,
          uniq_crazy_yiuf_cottage, uniq_terence
D:3:      layout_loops_corners, kennysheep_slug_shrine, first_ration,
          serial_bayou_pond_d
D:4:      layout_cave_pods, serial_shops, nicolae_shop_waterfront
D:5:      layout_rooms, gammafunk_temple_overflow_statue, temple_statues,
          kennysheep_small_spiral, minmay_misc_feat_encased
D:6:      layout_basic, grunt_ministairs_7, minmay_misc_feat_tower,
          nicolae_sextant, minmay_crystal_water
Temple:   dpeg_chambers_temple

Skill      XL: |  1  2  3  4  5  6 |
---------------+-------------------+-----
Axes           | 3 4 5 6 |  6.6
Fighting       | 4 5 |  5.6
Armour         | 4 5 |  5.6
Shields        | 4 5 |  5.6

Action                   |  1- 3 |  4- 6 |  7- 9 || total
-------------------------+-------+-------+-------++-------
Melee: War axe           |    79 |   158 |    31 ||   268
       Headbutt          |     6 |    31 |     8 ||    45
  Use: Scroll            |       |     6 |       ||     6
       Potion            |       |       |     1 ||     1
  Eat: Chunk             |       |     8 |     1 ||     9
       Ration            |       |     1 |       ||     1
Armor: Scale mail        |    29 |    66 |       ||    95
       Chain mail        |       |     3 |    17 ||    20
Dodge: Dodged            |    32 |    51 |     6 ||    89
Block: Shield            |    38 |    90 |    19 ||   147
